[Event "4th ESNA Championship 2022"]
[Site "Vaduz"]
[Date "2022.09.30"]
[Round "8.2"]
[White "Berend, Fred"]
[Black "Apol, Luitjen Akselsson"]
[Result "1-0"]
[ECO "B90"]
[WhiteElo "2300"]
[BlackElo "2113"]
[Annotator "TA"]
[PlyCount "83"]
[EventDate "2022.09.25"]
[EventType "tourn"]
[EventCountry "LIE"]
[SourceTitle "playchess.com"]
[Source "ChessBase"]
[SourceQuality "1"]
[TimeControl "40/5400+30:1800+30"]

1. e4 c5 2. Nf3 d6 3. d4 cxd4 4. Nxd4 Nf6 5. Nc3 a6 6. h3 e5 7. Nb3 Be6 {[%emt 0:06:43] B90: Sicilian Najdorf: Unusual White 6th moves, 6 Be3 Ng4 and 6 Be3 e5.} 8. Be3 Nc6 9. Qf3 Rc8 {[%emt 0:01:15] The position is equal.} 10. O-O-O Na5 11. Bg5 Be7 12. Kb1 Qc7 13. Bxf6 Bxf6 14. Nxa5 Qxa5 15. Nd5 (15. Rxd6 Be7 16. Rxe6 fxe6 $17) 15... Bd8 {[%emt 0:14:53] [#]} 16. Be2 $146 ({Predecessor:} 16. c3 Qc5 17. g3 O-O 18. h4 b5 19. Rd2 Rb8 20. g4 Qa7 21. g5 a5 22. Nf6+ {½-½ (34) Tarrio Ocana,F (2450)-Chaika,L (2351) ICCF email 2019}) 16... O-O 17. Qb3 Qc5 18. Rhf1 Bg5 19. Rd3 b5 20. Bg4 {[%emt 0:07:16] Threatens to win with Bxe6.} Kh8 21. c3 {[%emt 0:08:46] Prevents b4.} (21. a3 $11) 21... g6 $15 22. Qd1 f5 23. Bf3 ({Better is} 23. exf5 $15 gxf5 24. Be2) 23... fxe4 $19 24. Bxe4 Rxf2 (24... Qc4 25. f3 $11) 25. Nb4 $2 (25. Rxf2 Qxf2 26. Qf3) 25... Rxf1 26. Qxf1 Bc4 27. h4 (27. Nxa6 $142 Bxd3+ 28. Bxd3) 27... Be7 {[%emt 0:02:22] And now ...Rf8 would win. This bishop pair is nice.} 28. h5 (28. Nxa6 {was the only chance.} Bxd3+ 29. Qxd3 Qg1+ 30. Kc2) 28... Bxd3+ (28... gxh5 $2 29. Qf5 Bg8 30. Rg3 $18) 29. Qxd3 Qg1+ 30. Kc2 Qf2+ (30... gxh5 31. Qf3 Rf8 32. Qxh5 Qf2+ 33. Kb3) 31. Kb3 a5 32. Nd5 (32. Qh3 Qc5 33. hxg6 Qc4+ 34. Kc2 Qxe4+ 35. Nd3 Rxc3+ 36. bxc3 Qxg6 37. g3) 32... a4+ 33. Ka3 Qc5+ 34. Nb4 d5 35. hxg6 h6 $2 ({Stronger than} 35... dxe4 36. Qh3 Bh4 37. Qxh4 $17) (35... Bg5 {[%cal Oc5c3] ( -> ...Qxc3+!)} 36. Bxd5 Qxc3+ $3 37. Qxc3 Rxc3+ 38. Bb3 Rg3) 36. Bxd5 (36. g7+ {was called for.} Kxg7 37. Qg3+ Kf8 38. Bf5) 36... Bg5 $1 {[%emt 0:00:55][%cal Oc5c3] aiming for ...Qxc3+!} 37. Qf1 Qe3 {[%emt 0:01:02] Prevents Be4.} ({Black should play} 37... Rf8 $19 38. Qe2 Be3) 38. Qxb5 $40 {[%emt 0:01:23][%mdl 128] Qd7 would kill now. White attacks with force.} (38. Qf7 {[#] leads to mate.} Qxc3+ $3 39. Bb3 Qxb2+ $3 40. Kxb2 a3+ 41. Kxa3 Bc1#) 38... Qc1 $2 {[%emt 0:00:35][%mdl 8192] Loses the game.} (38... Qa7 $16 39. Qxa4 Qxa4+ 40. Kxa4 Kg7) 39. g7+ {[%emt 0:00:50] White mates.} Kh7 40. Be4+ Kg8 41. Qd5+ Kxg7 42. Qd7+ {[%emt 0:00:10] Weighted Error Value: White=0.65/Black=0.48} 1-0

[Event "4th ESNA Championship 2022"]
[Site "Vaduz"]
[Date "2022.09.30"]
[Round "8.3"]
[White "Henderson de La Fuente, Lance"]
[Black "Volpinari, Danilo"]
[Result "1-0"]
[ECO "B40"]
[WhiteElo "2504"]
[BlackElo "1929"]
[Annotator "TA"]
[PlyCount "81"]
[EventDate "2022.09.25"]
[EventType "tourn"]
[EventCountry "LIE"]
[SourceTitle "playchess.com"]
[Source "ChessBase"]
[SourceQuality "1"]
[TimeControl "40/5400+30:1800+30"]

1. e4 c5 2. Nf3 e6 3. g3 Nc6 4. Bg2 d6 5. d4 cxd4 6. Nxd4 {[%emt 0:00:07] B40: Sicilian: 2...e6, Unusual lines.} Qc7 {[%emt 0:05:22] [#]} 7. Nb5 $146 ({Predecessor:} 7. O-O Nf6 8. c4 Nxd4 9. Qxd4 Be7 10. Nc3 a6 11. Qd3 O-O 12. Bf4 Nd7 13. b3 {1-0 (40) Zvjaginsev,V (2644)-Sapunov,E (2461) Moscow 2019}) 7... Qb8 8. O-O {[%emt 0:01:23] White is slightly better.} a6 9. Nd4 Bd7 10. Be3 Nf6 11. c3 Be7 12. f4 O-O 13. Nd2 Qc7 14. g4 Rac8 15. g5 {[%emt 0:01:16] [#] Strongly threatening Nxc6.} Ne8 16. N2b3 {[%emt 0:07:48] White is more active.} Nxd4 17. Nxd4 ({Of course not} 17. Bxd4 g6 $11) 17... Qd8 (17... e5 $14) 18. Qd2 f6 19. Bh3 Nc7 20. gxf6 Rxf6 21. Bg2 Rf8 22. Rad1 Qe8 23. Ne2 Kh8 24. e5 (24. c4 $14) 24... d5 (24... Bb5 {seems wilder.} 25. exd6 Bxd6 26. Bxb7 Rd8) 25. Rf3 Qf7 26. b3 Be8 27. a4 Bc6 28. Nd4 Bd7 29. Kh1 g6 30. Rff1 Rfd8 31. Nf3 Rf8 32. Ng5 Qg8 33. Bd4 h6 34. Nh3 Kh7 35. Rg1 Qf7 {[%emt 0:01:10] [#]} (35... Ne8 $16) 36. Bf1 $1 $18 Rg8 37. Bd3 Kh8 (37... Rcf8 {was called for.} 38. Rg2 Be8) 38. Rg3 {[%emt 0:01:09] Hoping for Rdg1.} Rg7 $2 (38... Rcf8 39. Rdg1 Be8 40. Rxg6 Rxg6 41. Bxg6 Qxg6) 39. Rdg1 Rcg8 40. f5 exf5 41. e6 {[%emt 0:30:31][%mdl 64] Discovered Attack, Double Attack.  Weighted Error Value: White=0.09 (flawless) /Black=0.37} 1-0

[Event "4th ESNA Championship 2022"]
[Site "Vaduz"]
[Date "2022.09.30"]
[Round "8.4"]
[White "Carpenter, Paul A"]
[Black "Michaelides, Konstantinos"]
[Result "0-1"]
[ECO "C00"]
[WhiteElo "1986"]
[BlackElo "2304"]
[Annotator "TA"]
[PlyCount "92"]
[EventDate "2022.09.25"]
[EventType "tourn"]
[EventCountry "LIE"]
[SourceTitle "playchess.com"]
[Source "ChessBase"]
[SourceQuality "1"]
[TimeControl "40/5400+30:1800+30"]

1. e4 e6 2. Nf3 d5 3. Nc3 Nf6 4. e5 Ne4 5. Ne2 b6 (5... Bc5 $5 6. d4 $8 Be7 $11) 6. d3 {[%emt 0:09:45] C00: French: Unusual White 2nd moves.} Nc5 7. g3 Be7 8. Bg2 {[%emt 0:00:26] White is slightly better.} Bb7 9. O-O {[%emt 0:02:52] [#]} Ncd7 $146 ({Predecessor:} 9... Nc6 10. h4 d4 11. b4 Nd7 12. b5 Ncxe5 13. Nxe5 Bxg2 14. Nxf7 Kxf7 15. Kxg2 Nf6 {1-0 (51) Christensen,E (2033)-Skovgaard,I (2038) Copenhagen 2014}) 10. Re1 c5 11. c3 Nc6 12. d4 O-O 13. Nf4 Ba6 14. h4 Re8 15. Ng5 Nf8 {[%emt 0:07:11] [#]} (15... Bxg5 $11 16. hxg5 Qe7) 16. Nh5 (16. Nxd5 $1 $16 {[%cal Od1h5][%mdl 512] Strongly threatening Qh5!} exd5 17. Nxf7 $1) 16... f6 $2 (16... Ng6 $11) 17. exf6 $18 Bxf6 18. Qg4 Bc8 19. dxc5 {[%emt 0:04:25] Hoping for Bf4.} bxc5 20. Qa4 $2 (20. Bf4 $1 $18 {[%cal Rf4c7] is the precise move to win.}) 20... Bd7 $16 21. Qc2 h6 22. Nh3 Ne5 23. N3f4 Bc6 24. Be3 Nfd7 25. Ng6 {[%emt 0:02:22] And now Nxe5 would win.} Nc4 (25... d4 $16 {keeps fighting.}) 26. Bc1 (26. Rad1 $18 {and White stays clearly on top.}) 26... e5 27. b3 Nd6 28. Be3 (28. Nxf6+ $6 Qxf6 29. Rd1 e4 $11) 28... Rc8 (28... e4 $16 {was worth a try.}) 29. Rad1 $1 $18 e4 30. Bh3 (30. Nhf4 $18) 30... d4 $2 (30... Be5 $16 {is tougher.}) 31. Bf4 $2 ({Only move:} 31. cxd4 $18 cxd4 32. Bxd4) 31... d3 $11 {[%emt 0:00:19] Chess con chili.} 32. Qd2 Nf7 33. Bf5 Ra8 (33... c4 $1 $15) 34. f3 $1 Nde5 {[%emt 0:00:31] [#]} (34... c4 $11) 35. Nxe5 $1 $16 (35. Bxe4 Nxf3+ 36. Bxf3 Bxf3 37. Rxe8+ Qxe8 $15) (35. Nxf6+ Qxf6 36. Nxe5 Nxe5 37. Bxe5 (37. Bxe4 $2 Bxe4 38. Bxe5 Qxf3 $19) 37... Qxf5 $17) 35... Nxe5 36. Bxe5 ({But not} 36. Bxe4 $6 Bxe4 37. Bxe5 Bxf3 38. Nxf6+ (38. Bxf6 Qd6 $11) 38... gxf6 39. Qxh6 Rxe5 $11) ({Weaker is} 36. Nxf6+ Qxf6 37. Bxe5 (37. Bxe4 $2 Bxe4 38. Bxe5 Qxf3 $19) 37... Qxf5 $17) 36... Rxe5 37. Nxf6+ Qxf6 38. Bxe4 Bxe4 39. Rxe4 (39. fxe4 $16 Rd8 40. Re3) 39... Rxe4 $11 40. fxe4 $16 {[%emt 0:00:08][%mdl 4096] Endgame KQR-KQR} Rd8 41. Re1 Qf3 42. Re3 $2 {[%emt 0:01:39][%mdl 8192] [#]} (42. Kh2 $11) 42... Qxe3+ $3 $19 {[%emt 0:01:17][%mdl 576] Promotion} 43. Qxe3 d2 44. Qxc5 d1=Q+ 45. Kf2 Rf8+ (45... Rd2+ $142 46. Ke3 Rd3+ 47. Kf4 Qf3+ 48. Ke5 Qf6#) 46. Kg2 Qf1+ {[%emt 0:00:08] Black used his chance.  Weighted Error Value: White=0.61/Black=0.49} 0-1

[Event "4th ESNA Championship 2022"]
[Site "Vaduz"]
[Date "2022.09.30"]
[Round "8.5"]
[White "Efimov, Igor"]
[Black "Kirby, Peter J."]
[Result "1-0"]
[ECO "D45"]
[WhiteElo "2360"]
[BlackElo "2011"]
[Annotator "TA"]
[PlyCount "71"]
[EventDate "2022.09.25"]
[EventType "tourn"]
[EventCountry "LIE"]
[SourceTitle "playchess.com"]
[Source "ChessBase"]
[SourceQuality "1"]
[TimeControl "40/5400+30:1800+30"]

1. d4 d5 2. Nf3 Nf6 3. c4 c6 4. Nc3 e6 5. e3 Nbd7 6. Qc2 Bd6 7. b3 O-O 8. Bb2 Re8 9. Be2 dxc4 10. bxc4 e5 11. O-O e4 {[%emt 0:06:46] D45: Semi-Slav: 5 e3.} 12. Ng5 Qe7 13. c5 Bb8 {[%emt 0:04:51] White is slightly better.} 14. Bc4 Bxh2+ $1 15. Kh1 Nd5 16. Qxe4 Qxe4 17. Ncxe4 Bc7 {[%emt 0:01:42] Threatens to win with ...h6.} 18. Nc3 h6 {[%emt 0:08:06] [#]} (18... N7f6 $14) 19. Nxf7 $1 $16 {[%emt 0:02:00] [#]} Kxf7 $146 ({Predecessor:} 19... N7f6 20. Ne5 Bxe5 21. dxe5 Rxe5 22. Kg1 Re8 23. e4 Nxe4 24. Nxd5 cxd5 25. Bxd5+ Kh7 {1-0 (39) Keglevic,P-Milovanovic,M corr 1980}) 20. e4 $36 {[%emt 0:00:00][%mdl 2112] Pin. White is really pushing.} N7f6 21. exd5 cxd5 22. Nxd5 Nxd5 23. Bxd5+ Be6 24. Bf3 {[%emt 0:00:00] aiming for d5.} Rad8 {[%emt 0:02:59] Against d5} 25. Rfe1 Bd5 26. Rxe8 Kxe8 27. Re1+ Kf7 28. Re3 Bxf3 29. Rxf3+ {[%emt 0:00:00][%mdl 4096] Endgame KRB-KRB} Ke6 30. Re3+ Kf7 {[%emt 0:00:47] [#]} (30... Kd7 $16 {was worth a try.}) 31. Rf3+ ({White should try} 31. Ra3 $1 $18 ) 31... Ke6 32. Ra3 a6 33. Re3+ Kf7 $2 (33... Kd7 $16 34. d5 Rf8) 34. Rb3 $18 Rb8 (34... b6 35. cxb6 Bb8) 35. d5 Re8 36. d6 {[%emt 0:00:00] Weighted Error Value: White=0.08 (flawless) /Black=0.24 (precise)} 1-0

[Event "4th ESNA Championship 2022"]
[Site "Vaduz"]
[Date "2022.10.01"]
[Round "9.1"]
[White "Kirby, Peter J."]
[Black "Mizzi, Jack"]
[Result "1/2-1/2"]
[ECO "D35"]
[WhiteElo "2011"]
[BlackElo "1863"]
[Annotator "TA"]
[PlyCount "51"]
[EventDate "2022.09.25"]
[EventType "tourn"]
[EventCountry "LIE"]
[SourceTitle "playchess.com"]
[Source "ChessBase"]
[SourceQuality "1"]
[TimeControl "40/5400+30:1800+30"]

1. d4 Nf6 2. c4 e6 3. Nc3 d5 4. cxd5 exd5 5. Bg5 c6 6. e3 h6 {[%emt 0:01:50] 6...Bd6 is the modern continuation. D35: Queen's Gambit Declined: Exchange Variation.} 7. Bf4 Bd6 8. Bg3 O-O {[%emt 0:02:59] The position is equal.} 9. Bd3 Re8 10. Nge2 Bxg3 11. Nxg3 Nbd7 12. O-O Nf8 {[%emt 0:01:54] [#]} 13. h3 $146 ({Predecessor:} 13. b4 a6 14. a4 Ne6 15. b5 cxb5 16. axb5 a5 17. Na4 b6 18. Rc1 Nf8 19. Rc6 Rb8 20. Bf5 Be6 {½-½ (20) Zaja,I (2446)-Loncar,R (2353) Hum na Sutli 2017}) 13... Qd6 14. Nf5 Bxf5 15. Bxf5 g6 16. Bc2 Kg7 17. a3 h5 18. Qd3 Re7 19. Rae1 Rae8 20. Na4 Ne4 21. b4 b6 22. Nc3 Nd7 23. Nxe4 dxe4 24. Qc3 Nf6 25. Bb3 Nd5 26. Bxd5 {[%emt 0:01:08] Weighted Error Value: White=0.08 (flawless) /Black=0.08 (flawless)} 1/2-1/2

[Event "4th ESNA Championship 2022"]
[Site "Vaduz"]
[Date "2022.10.01"]
[Round "9.2"]
[White "Michaelides, Konstantinos"]
[Black "Efimov, Igor"]
[Result "0-1"]
[ECO "E04"]
[WhiteElo "2304"]
[BlackElo "2360"]
[Annotator "TA"]
[PlyCount "98"]
[EventDate "2022.09.25"]
[EventType "tourn"]
[EventCountry "LIE"]
[SourceTitle "playchess.com"]
[Source "ChessBase"]
[SourceQuality "1"]
[TimeControl "40/5400+30:1800+30"]

1. d4 e6 2. Nf3 d5 3. c4 c6 4. g3 dxc4 5. Bg2 Nf6 6. Ne5 Bb4+ 7. Nc3 {[%emt 0:02:19][%mdl 1024] White has compensation. is the new trend. E04: Open Catalan: 5 Nf3.} Nd5 8. Bd2 Nb6 9. Ne4 {[%emt 0:02:30] The position is equal.} Be7 10. Ba5 {[%emt 0:01:58] [#]} f5 $146 ({Predecessor:} 10... O-O 11. Nxc4 c5 12. Qb3 cxd4 13. Nxb6 axb6 14. Bxb6 Qd7 15. Nc5 Bxc5 16. Bxc5 Re8 {½-½ (22) Nguyen,V (2505)-Tran,T (2246) Ho Chi Minh City 2012}) 11. e3 (11. Nc3 $11) 11... fxe4 $15 12. Qh5+ g6 13. Nxg6 {[%emt 0:00:26] [#] Threatening mate with Ne5+.} Qd5 14. Ne5+ Kd8 15. O-O Kc7 $1 16. Bc3 (16. Qf7 $15 Qd8 17. f3 (17. Bxe4 Qf8 $15)) 16... N8d7 $17 17. Qf7 Nxe5 (17... Qd6 $142 18. Bxe4 a5) 18. Qxe7+ Qd7 19. Qg5 (19. Qh4 $1 $15 Ng6 20. Qxe4) 19... Ng6 (19... Nf7 $142 20. Qf4+ Nd6) 20. d5 (20. Bxe4 $17 Re8 21. Rfc1) 20... Re8 $2 ({Much less strong is} 20... cxd5 21. Bxh8 Nxh8 22. Qe5+ Qd6 23. Qxh8 $16) (20... Qxd5 $19 {and Black stays clearly on top.} 21. Qh6 e5) 21. d6+ $2 (21. dxc6 $17 bxc6 22. Rfd1) 21... Qxd6 $19 22. Bxe4 e5 23. Bxg6 hxg6 24. f4 exf4 25. exf4 Bf5 26. Rad1 Bd3 27. Be5 {[%emt 0:00:12] [#]} (27. Rf2 $142 Nd7 28. b3) 27... Rxe5 $1 28. fxe5 (28. Qxe5 Qxe5) 28... Qc5+ 29. Rf2 Rf8 30. Rdd2 Nd7 31. Kg2 Qd5+ 32. Kg1 Re8 33. Qf4 Rxe5 {[%emt 0:00:23] White must now prevent ...g5.} 34. Rd1 g5 35. Qd2 Qc5 {[%emt 0:03:07] ...Re2 is the strong threat.} 36. Kg2 Be4+ 37. Kf1 Rd5 38. Qe1 Ne5 39. Rxd5 Qxd5 40. Rd2 {[%emt 0:00:31] Inhibits Qd3+.} Bd3+ 41. Kf2 Ng4+ (41... Qf3+ $142 42. Kg1 Be4) 42. Kg1 Qd4+ 43. Kg2 Qd5+ (43... Be4+ $142 44. Kf1 Qf6+ 45. Qf2 Nxf2 46. Rxf2 Qd4 47. Re2 Bd3 48. Ke1 Bxe2 49. Kxe2 Qd3+ 50. Kf2 g4 51. Kg1 Qc2 52. Kf1 Qxb2 53. Kg1 c3 54. Kf1 Qxh2 55. a4 c2 56. Ke1 c1=Q#) 44. Kg1 $1 Ne5 $2 (44... c5 $19 45. h3 Qd4+ 46. Rf2 Nxf2 47. Qxf2 c3 48. bxc3 Qxc3 49. Qf7+ Kb6) 45. Rf2 $2 (45. Kf2 $11 Qf3+ 46. Kg1) 45... g4 {[%emt 0:00:00][%cal Bg5g4,Bg4f3][%mdl 32] Black is clearly winning.} ({Not} 45... Nf3+ 46. Rxf3 Qxf3 47. Qe7+ Kc8 48. Qe8+ Kc7 49. Qe7+ Kc8 50. Qe8+ Kc7 51. Qe7+ $11) 46. Qb4 Nf3+ 47. Rxf3 gxf3 ({Worse is} 47... Qxf3 48. Qe7+ Kc8 49. Qe8+ Kc7 50. Qe7+ Kc8 51. Qe8+ Kc7 52. Qe7+ $11) 48. Qe7+ Kb6 {[%emt 0:00:00] ( -> ...Qd4+)} 49. Qb4+ Qb5 {[%emt 0:00:00] Weighted Error Value: White=0.63/Black=0.18 (very precise)} 0-1

[Event "4th ESNA Championship 2022"]
[Site "Vaduz"]
[Date "2022.10.01"]
[Round "9.3"]
[White "Volpinari, Danilo"]
[Black "Carpenter, Paul A"]
[Result "0-1"]
[ECO "C10"]
[WhiteElo "1929"]
[BlackElo "1986"]
[Annotator "TA"]
[PlyCount "123"]
[EventDate "2022.09.25"]
[EventType "tourn"]
[EventCountry "LIE"]
[SourceTitle "playchess.com"]
[Source "ChessBase"]
[SourceQuality "1"]
[TimeControl "40/5400+30:1800+30"]

1. d4 e6 2. Nc3 f5 3. e4 d5 4. exf5 exf5 5. Bf4 Nf6 6. Nf3 {[%emt 0:03:48] C10: French with 3 Nc3: Unusual Black 3rd moves and 3...dxe4.} c6 7. Bd3 Be7 8. O-O {[%emt 0:01:48] White is slightly better.} O-O 9. Re1 Ne4 {[%emt 0:01:01] [#]} 10. Ne5 $146 ({Predecessor:} 10. Ne2 Bd7 11. c3 Be8 12. Ng3 Nxg3 13. hxg3 Bh5 14. Re3 Bd6 15. Bxd6 Qxd6 16. Re5 {0-1 (47) Schilay,E (1383)-Schulz,T (1532) Regensburg 2014}) 10... Nd7 11. f3 ({Don't play} 11. Bxe4 fxe4 12. Ne2 Nxe5 13. Bxe5 Bg5 $15) 11... Ng5 12. Qe2 Bf6 13. Qd2 Bxe5 14. Bxe5 Nxe5 15. Rxe5 Qf6 16. Qf2 Nf7 17. Ree1 Bd7 18. Rad1 Rae8 19. Nb1 Ng5 20. c3 Qg6 21. Kh1 Qh5 22. Rxe8 Rxe8 23. Rf1 f4 24. Nd2 Re6 (24... Re3 $5 25. Bb1 b6 $15) 25. Re1 Qe8 26. Rxe6 Qxe6 27. Qe2 Qxe2 28. Bxe2 $11 {[%emt 0:00:02][%mdl 4096] Endgame KBN-KBN} Bf5 29. Kg1 Kf7 30. Nb3 b6 31. Nc1 h5 32. Bd3 Bd7 33. Bc2 (33. h4 $5 Ne6 34. Bf5 $11) 33... Kf6 34. Kf2 Ne6 35. Nd3 c5 36. dxc5 $1 bxc5 37. Ke1 g5 38. Nf2 Be8 39. Kd2 Ke5 40. Nd3+ Kd6 41. Nf2 Ke5 42. Nd3+ Kf6 43. Nf2 Ng7 44. c4 Bc6 45. cxd5 Bxd5 46. Ne4+ Bxe4 47. Bxe4 {[%emt 0:00:02] KB-KN} Ne8 48. Kc3 Nd6 49. Bd3 Ke5 50. Bg6 h4 51. Bd3 Kd5 52. h3 c4 53. Bh7 (53. Be2 $11) 53... Kc5 (53... Nb5+ $1 $17 54. Kb4 Nc7) 54. a4 $2 {[#]} (54. b4+ $1 $11 cxb3 55. axb3) 54... a5 $2 ({Black should try} 54... Nc8 $1 $19 {[%cal Rc8e7] Threatens to win with ...Ne7.} 55. Bg8 Nb6) 55. Bc2 $2 {[%mdl 8192] [#]} (55. Bg6 $11) 55... Nc8 $1 $19 {Black is clearly winning.} 56. Be4 Nb6 57. b3 cxb3 58. Kxb3 Kd4 59. Bc6 Nc4 {Strongly threatening ...Ne3.} 60. Bb5 Ne3 61. Bc6 Nxg2 62. Bb7 {[%emt 0:06:31] Weighted Error Value: White=0.52/Black=0.13 (very precise)} 0-1

[Event "4th ESNA Championship 2022"]
[Site "Vaduz"]
[Date "2022.10.01"]
[Round "9.4"]
[White "Apol, Luitjen Akselsson"]
[Black "Henderson de La Fuente, Lance"]
[Result "0-1"]
[ECO "C07"]
[WhiteElo "2113"]
[BlackElo "2504"]
[Annotator "TA"]
[PlyCount "91"]
[EventDate "2022.09.25"]
[EventType "tourn"]
[EventCountry "LIE"]
[SourceTitle "playchess.com"]
[Source "ChessBase"]
[SourceQuality "1"]
[TimeControl "40/5400+30:1800+30"]

1. e4 e6 2. d4 d5 3. Nd2 c5 4. Ngf3 cxd4 5. Nxd4 Nf6 6. exd5 Nxd5 7. N2f3 {[%emt 0:00:56] C07: French Tarrasch: 3...c5, 4 Ngf3 and 4 exd5 Qxd5.} Bb4+ 8. Bd2 (8. c3 Nxc3 $1 9. Qc2 Nb5+ 10. Bd2 Nxd4 $17) 8... Bc5 9. c3 {[%emt 0:13:03] The position is equal.} O-O 10. Bc4 {[%emt 0:03:07] [#]} Bxd4 $146 ({Predecessor:} 10... b6 11. O-O Bb7 12. Qe2 Nf6 13. Rad1 Nbd7 14. Bf4 Qc8 15. Rfe1 a6 16. Bb3 Re8 {1-0 (51) Nepomniachtchi,I (2773)-Grischuk,A (2742) Chess.com INT 2022}) 11. Nxd4 b6 12. Qe2 Bb7 13. O-O Nd7 14. Rad1 (14. Nxe6 $2 fxe6 15. Qxe6+ Kh8 $19) 14... Re8 15. Rfe1 a6 16. Nf3 (16. Bd3 $14) 16... Qc7 $11 17. Bb3 b5 18. Bg5 f6 19. Bh4 N7b6 20. Nd4 e5 21. Nf5 Kh8 {[%emt 0:00:27] aiming for ...Nf4.} 22. Bg3 Rad8 23. Bc2 Nc4 24. Be4 $2 (24. Bd3 $11 {and White is okay.}) 24... g6 $2 (24... Nf4 $1 $19 25. Qc2 (25. Bxf4 $2 exf4 26. Rxd8 Qxd8 $19) 25... Rxd1 26. Rxd1 Bxe4 27. Qxe4 Nxb2) 25. Nd4 (25. Nh6 $15) 25... Nf4 $1 $17 26. Bxf4 exf4 27. Qc2 Bxe4 {[%emt 0:01:16] Black is more active.} (27... Qe7 $142 $1 28. b3 (28. f3 $2 Ne3 $19) 28... Nd6) 28. Rxe4 Rxe4 29. Qxe4 Nxb2 30. Rc1 Na4 $1 31. Ne2 {[%emt 0:03:04] [#]} (31. Qe6 $17 Qd6 32. h3) 31... Qe5 $40 {[%emt 0:01:33][%mdl 128] Black wants a kill.} (31... Nxc3 $1 $19 32. Nxc3 {[#]} Qxc3 $3 ) 32. Qxf4 (32. Qf3 $17) 32... Qxf4 $19 33. Nxf4 Nxc3 $17 {[%emt 0:00:43][%mdl 4096] Endgame KRN-KRN} 34. g3 (34. a3 $142) 34... b4 $19 ({Wrong is} 34... Nxa2 $2 35. Rc6 $19) 35. Rc2 Rd1+ 36. Kg2 Ra1 37. Nd3 a5 ({Worse is} 37... Nxa2 38. Rc6 $17) ({Not} 37... Rxa2 38. Nxb4 Rxc2 39. Nxc2 $17) 38. Nc1 a4 {[%emt 0:00:46][%cal Oc3a2] Against Nb3. Threatens to win with ...Nxa2!} 39. Kf3 a3 40. Ke3 {[%emt 0:00:38] [#]} (40. Nb3 $142 Rb1 41. Nd2) 40... Nxa2 $1 41. Nxa2 {[%emt 0:01:32] KRN-KR} (41. Nb3 Rb1) 41... b3 42. Rc8+ Kg7 43. Nc3 a2 44. Rc7+ Kh6 {[%emt 0:00:18] ...Re1+ is the strong threat.} 45. Nxa2 bxa2 46. Kd4 {[%emt 0:20:00] Weighted Error Value: White=0.62/Black=0.17 (very precise)} 0-1

[Event "4th ESNA Championship 2022"]
[Site "Vaduz"]
[Date "2022.10.01"]
[Round "9.5"]
[White "Frick, Renato"]
[Black "Berend, Fred"]
[Result "0-1"]
[ECO "C18"]
[WhiteElo "1875"]
[BlackElo "2300"]
[Annotator "TA"]
[PlyCount "98"]
[EventDate "2022.09.25"]
[EventType "tourn"]
[EventCountry "LIE"]
[SourceTitle "playchess.com"]
[Source "ChessBase"]
[SourceQuality "1"]
[TimeControl "40/5400+30:1800+30"]

1. e4 e6 2. d4 d5 3. Nc3 Bb4 4. e5 c5 5. a3 Bxc3+ 6. bxc3 Ne7 7. Qg4 Qc7 8. Qxg7 Rg8 9. Qxh7 cxd4 10. Ne2 Nbc6 11. f4 dxc3 12. Qd3 d4 13. Nxd4 Nxd4 14. Qxd4 Bd7 15. Rg1 Qc6 {[%emt 0:15:04] [#] C18: French: 3 Nc3 Bb4: Main line: 7 h4 and 7 Qg4.} ({Black should try} 15... Nf5 $14 16. Qf2 Qc6) 16. g4 $146 ({Predecessor:} 16. Rb1 Nf5 17. Qc4 Qa4 18. Qxa4 Bxa4 19. Bd3 Nd4 20. Kf2 O-O-O 21. Rb4 b5 22. Be3 Nc6 23. Rbb1 {1-0 (42) Daamen,R (2028)-Westerweele,H (1906) Maastricht 2015}) 16... Rd8 17. Bg2 (17. h3 $16) 17... Qa6 $1 $11 {[%emt 0:08:24] The position is equal.} 18. Bf1 Bb5 19. Bxb5+ Qxb5 20. Qxc3 (20. a4 Qc6 21. Qe3 Rh8 $17) 20... Nd5 (20... Qa4 $5 21. Rg3 Rc8 $11) 21. Qb3 Qc5 22. Rg3 Qd4 23. Rb1 ({Much worse is} 23. Qb5+ Rd7 24. Bb2 Qe4+ 25. Qe2 Qh1+ 26. Kf2 Qxh2+ 27. Kf3 Qxe2+ 28. Kxe2 Nxf4+ 29. Kf3 Ng6 $17) 23... Qe4+ (23... Nxf4 $2 24. Qb5+ Kf8 25. Qb4+ Qxb4+ 26. Rxb4 $18) 24. Be3 b6 25. Rd1 Rc8 {[%emt 0:13:38] Chess con chili.} ({Don't take} 25... Nxf4 26. Rxd8+ (26. Qb5+ Ke7 $16) 26... Kxd8 27. Qb4 Qxb4+ 28. axb4 $16) 26. Qd3 Qa4 {[%emt 0:02:05] [#]} 27. Qb3 ({Better is} 27. Rd2 $1 $16) 27... Qe4 28. Qd3 Rc4 29. Qxe4 Rxe4 30. Kf2 (30. Kd2 $11) 30... Ra4 $2 {[%emt 0:00:39] [#]} (30... Nxe3 $15 {keeps the upper hand.} 31. Rxe3 Rxf4+ 32. Rf3 Rgxg4) 31. Bc1 (31. Rd4 $16 Rxa3 32. Bd2) 31... Nxf4 32. h3 (32. c3 $16) 32... Nd5 $14 33. Rgd3 {[%emt 0:01:06] Hoping for Rd4.} Rc4 34. c3 Ke7 35. Bd2 Rgc8 36. Rc1 R8c5 37. Bg5+ Kf8 38. Be3 Ra5 39. Bd4 (39. Rd4 $11 {keeps the balance.} Nxe3 40. Kxe3 Rxe5+ 41. Kd3) 39... Rxa3 $17 {[%emt 0:00:34] Black is more active.} 40. h4 (40. Rf3 $17) 40... Kg7 (40... b5 $19 {...Kg7 is the strong threat.} 41. Rdd1 Ra2+ 42. Kg1 Re2) 41. h5 b5 {[%emt 0:04:05] And now ...b4 would win.} 42. Rh1 (42. g5 $17) 42... Nxc3 $19 43. Rxc3 $2 (43. g5 Ra2+ 44. Kf3) 43... Raxc3 44. Bxc3 Rxc3 {[%emt 0:00:03] KR-KR} 45. Ra1 Rc7 46. Kf3 $2 (46. Ra5) 46... Kh6 47. Ra5 Rb7 (47... b4 $19 {has better winning chances. aiming for ...Rb7.} 48. Ke3 b3) 48. Kg3 $2 (48. Ke2 $17) 48... b4 49. Kh4 b3 {[%emt 0:00:20] Weighted Error Value: White=0.50/Black=0.27 (precise)} 0-1